 Dungeon Crawl Stone Soup version 0.22-a0-612-gd2f0174 (webtiles) character file.

3847 Mamutox the Basher (level 9, -10/80 HPs)
             Began as a Troll Fighter on July 11, 2018.
             Was a Believer of the Shining One.
             Mangled by a two-headed ogre
             ... wielding a +0 giant club
              (16 damage)
             ... on level 7 of the Dungeon.
             The game lasted 00:24:33 (6931 turns).

Mamutox the Basher (Troll Fighter)                  Turns: 6931, Time: 00:24:34

Health: -10/80     AC:  9    Str: 26    XL:     9   Next: 98%
Magic:  8/8        EV:  9    Int:  4    God:    the Shining One [**....]
Gold:   437        SH: 10    Dex: 12    Spells: 8/8 levels left

rFire    + . .     SeeInvis .   F - +3 flail (crush)
rCold    . . .     Gourm    +   c - +0 shield
rNeg     + . .     Faith    .   b - +0 robe
rPois    .         Spirit   .   (helmet restricted)
rElec    .         Reflect  .   e - +0 cloak
rCorr    .         Harm     .   (gloves unavailable)
MR       .....                  (boots unavailable)
Stlth    +.........             (no amulet)
HPRegen  0.63/turn              i - ring of protection from fire
MPRegen  0.11/turn              D - +3 ring of protection

@: about to teleport, glowing
A: large, unfitting armour, claws 3, fast metabolism 3, gourmand, regeneration
1, shaggy fur 1, tough skin 2
a: Divine Shield, Renounce Religion


You were on level 7 of the Dungeon.
You worshipped the Shining One.
The Shining One was pleased with you.
You were completely stuffed.

You visited 2 branches of the dungeon, and saw 9 of its levels.
You also visited: Ossuary.

You collected 532 gold pieces.
You spent 95 gold pieces at shops.

Inventory:

Hand Weapons
 s - a +0 giant club
 F - a +3 flail of crushing (weapon)
Missiles
 r - 3 needles of confusion
 O - 5 tomahawks (quivered)
Armour
 b - a +0 robe (worn)
 c - a +0 shield (worn)
 e - a +0 cloak (worn)
Jewellery
 a - an uncursed ring of ice
 i - a ring of protection from fire (left claw)
 D - a +3 ring of protection (right claw)
 J - an uncursed ring of magical power
 N - a +5 ring of dexterity {unknown}
Wands
 y - a wand of random effects (22)
 B - a wand of iceblast (9)
 C - a wand of polymorph (18)
 G - a wand of acid (8)
 K - a wand of clouds (3)
Scrolls
 g - 6 scrolls of remove curse
 h - a scroll of enchant armour {unknown}
 j - a scroll of enchant weapon {unknown}
 l - a scroll of teleportation
 o - a scroll of immolation {unknown}
 p - 2 scrolls of random uselessness {unknown}
 v - 2 scrolls of blinking {unknown}
 w - a scroll of magic mapping
 x - a scroll of fear {unknown}
 L - a scroll of identify
Potions
 d - 3 potions of lignification
 k - 2 potions of berserk rage
 n - a potion of mutation
 q - 3 potions of brilliance
 t - a potion of flight
 u - 3 potions of curing
 z - a potion of might
 A - a potion of agility
 E - a potion of cancellation
 H - 2 potions of heal wounds
 I - a potion of ambrosia
Comestibles
 f - 12 rations
 M - 3 chunks of flesh


   Skills:
 + Level 2.7 Fighting
 - Level 11.8 Maces & Flails
 - Level 2.4 Dodging
 - Level 5.3 Shields
 + Level 1.1 Invocations


You had 8 spell levels left.
You didn't know any spells.
Your spell library contained the following spells:

 Spells                   Type           Power        Failure   Level  Hunger
 Confuse                  Hex            #.......     98%         3    ####...
 Tukima's Dance           Hex            #.......     98%         3    ####...
 Ensorcelled Hibernation  Hex/Ice        #.....       88%         2    ###....
 Corona                   Hex            #......      77%         1    ##.....
 Dazzling Spray           Conj/Hex       #.....       98%         3    ####...


Dungeon Overview and Level Annotations

Branches:
Dungeon (8/15)             Temple (1/1) D:4
   Lair: D:8-11

Altars:
Ashenzari
Cheibriados
Dithmenos
Elyvilon
Fedhas
Gozag
Hepliaklqana
Kikubaaqudgha
Makhleb
Nemelex Xobeh
Okawaru
Qazlal
Ru
Sif Muna
Trog
Uskayaw
Vehumet
Wu Jian
Xom
Yredelemnul
Zin
The Shining One
Beogh

Shops:
D:7 *


Innate Abilities, Weirdness & Mutations

You are too large for most types of armour.
You have claws for hands.
Your metabolism is lightning-fast.
You like to eat raw meat.
Your natural rate of healing is unusually fast.
You are covered in fur. (AC +1)
You have very tough skin. (AC +2)


Message History

Your extra speed is starting to run out.
You feel yourself slow down.
You start resting.
Eating one of 6 chunks of flesh.
You eat one of the 6 chunks of flesh.
This raw flesh tastes great.
The two-headed ogre is too close now for your liking.
There is a stone staircase leading up here.
You climb upwards.
There is a stone staircase leading down here.
The two-headed ogre hits you with a giant club.
The two-headed ogre hits you with a giant spiked club!!
* * * LOW HITPOINT WARNING * * *
The two-headed ogre hits you with a giant club!
* * * LOW HITPOINT WARNING * * *
The two-headed ogre barely misses you.
Some of the chunks of flesh in your inventory have rotted away.
As you read the scroll labeled NOINUJA EPSEO, it crumbles to dust.
You feel strangely unstable.
It was a scroll of teleportation.
You block the two-headed ogre's attack.
The two-headed ogre hits you with a giant spiked club!
You die...

##..# #.# ###.#.................
#..# #.# #...................
##.## #.# #................###
#..# #.# ########.........#
#..###.# ###################
#...##.####........#
#....(...##........#
###........##........#
.##........##...@....#
..+........##...O....#
.##........##.....^..####
.#####+#'####...........########
.# #...............##........#
.# ##...(...).....^≈.......#.#
#######.......####...##.§^#.§≈.#
........>.....# #.^≈##..≈.^^^.#
########......# #..#^.≈..#.≈≈§#


You could see a two-headed ogre.

Vanquished Creatures
  Pikel (D:6)
  The ghost of Mgcat the Carver, a novice BaFi of Okawaru (D:5)
  A wraith (Ossuary)
  2 sky beasts
  2 slaves (D:6)
  An ice beast (D:7)
  2 orc warriors
  5 ogres
  A centaur (D:6)
  3 gnoll sergeants (D:6)
  2 bullfrogs
  3 scorpions
  3 wights (D:8)
  2 crimson imps
  A bullfrog zombie (D:6)
  A centaur zombie (D:5)
  A howler monkey (D:7)
  10 hounds
  A gnoll shaman (D:6)
  2 bullfrog skeletons
  8 orc priests
  2 centaur skeletons (D:8)
  Jessica (D:2)
  An iguana (D:4)
  5 orc wizards
  6 worker ants
  A mummy (Ossuary)
  2 worker ant zombies
  A howler monkey skeleton (D:5)
  5 gnolls (D:6)
  10 adders
  An ooze (D:1)
  A dart slug (D:4)
  8 leopard geckos
  17 orcs
  2 bat zombies (D:2)
  10 giant cockroaches
  14 goblins
  13 hobgoblins
  8 jackals
  A quokka (D:3)
  A ball python (D:2)
  10 bats
  6 frilled lizards
  A gnoll skeleton (Ossuary)
  14 kobolds
  6 kobold skeletons (Ossuary)
  A leopard gecko skeleton (D:6)
  18 orc skeletons (Ossuary)
  A quokka skeleton (D:5)
  8 rats
228 creatures vanquished.

Notes
Turn   | Place    | Note
-------+----------+-------------------------------------------
     0 | D:1      | Mamutox the Troll Fighter began the quest for the Orb.
     0 | D:1      | Reached XP level 1. HP: 22/22 MP: 0/0
    32 | D:1      | Reached skill level 2 in Maces & Flails
   126 | D:1      | Reached XP level 2. HP: 28/29 MP: 1/1
   256 | D:1      | Reached skill level 3 in Maces & Flails
   321 | D:1      | Reached XP level 3. HP: 36/36 MP: 2/2
  1181 | D:2      | Noticed Jessica
  1191 | D:2      | Killed Jessica
  1191 | D:2      | Reached skill level 4 in Maces & Flails
  1191 | D:2      | Reached XP level 4. HP: 22/44 MP: 3/3
  1309 | D:2      | Found an ancient bone altar of Kikubaaqudgha.
  2008 | D:3      | Reached XP level 5. HP: 50/50 MP: 4/4
  2051 | D:3      | Found a hide-covered altar of Uskayaw.
  2284 | D:4      | Found a snail-covered altar of Cheibriados.
  2310 | D:4      | Found a staircase to the Ecumenical Temple.
  2428 | D:4      | Reached XP level 6. HP: 42/59 MP: 5/5
  2521 | D:4      | Found a sand-covered staircase.
  2526 | Ossuary  | Entered an ossuary
  2526 | Ossuary  | Noticed a wraith
  2526 | Ossuary  | Noticed a wraith
  2526 | Ossuary  | Noticed a wraith
  2708 | Ossuary  | Noticed a wraith
  2728 | Ossuary  | Killed a wraith
  2728 | Ossuary  | Reached skill level 5 in Shields
  2868 | D:4      | Reached XP level 7. HP: 66/66 MP: 6/6
  2965 | D:4      | Reached skill level 5 in Maces & Flails
  3091 | D:4      | Found a radiant altar of Vehumet.
  3446 | Temple   | Entered the Ecumenical Temple
  3595 | Temple   | Became a worshipper of the Shining One
  3623 | D:5      | Entered Level 5 of the Dungeon
  4002 | D:5      | Found a sacrificial altar of Ru.
  4028 | D:5      | Reached skill level 6 in Maces & Flails
  4288 | D:5      | Reached skill level 7 in Maces & Flails
  4288 | D:5      | Reached XP level 8. HP: 63/74 MP: 7/7
  4598 | D:5      | Noticed Mgcat's ghost (novice BaFi)
  4599 | D:5      | Found a runed gate.
  4599 | D:5      | Found a runed gate.
  4599 | D:5      | Found a runed gate.
  4600 | D:5      | Found a roughly hewn altar of Beogh.
  4807 | D:5      | Killed Mgcat's ghost
  4807 | D:5      | Reached * piety under the Shining One
  4807 | D:5      | Reached skill level 8 in Maces & Flails
  4929 | D:6      | Reached skill level 9 in Maces & Flails
  5171 | D:6      | Reached XP level 9. HP: 80/80 MP: 8/8
  5185 | D:6      | Noticed Pikel
  5211 | D:6      | Killed Pikel
  5211 | D:6      | Reached skill level 10 in Maces & Flails
  5343 | D:6      | Found a basalt altar of Yredelemnul.
  5637 | D:6      | Reached ** piety under the Shining One
  5643 | D:6      | Reached skill level 11 in Maces & Flails
  6146 | D:7      | Found a deep blue altar of Sif Muna.
  6204 | D:7      | Found Zeecelir's Assorted Antiques.
  6220 | D:7      | Bought a tubular ruby ring for 95 gold pieces
  6564 | D:7      | Found a stormy altar of Qazlal.
  6771 | D:8      | Reached skill level 1 in Invocations
  6825 | D:8      | Noticed a two-headed ogre
  6837 | D:8      | HP: 3/80 [two-headed ogre/giant club (12)]
  6927 | D:7      | HP: 3/80 [two-headed ogre/giant club (9)]
  6931 | D:7      | Mangled by a two-headed ogre

Vault maps used:
D:1:      evilmike_arrival_home_sweet_home
D:2:      lemuel_zombie_altar_kikubaaqudgha, serial_curves, eino_curves_03,
          eino_curves_04, uniq_jessica
D:3:      nicolae_overflow_crystal_walls, kennysheep_decorative_pillar
D:4:      nicolae_overflow_hidden_temple, kennysheep_little_box,
          temple_fountains, serial_bayou, serial_bayou_pond_b,
          serial_bayou_pond_d, serial_bayou_ford_a, serial_bayou_pond_c,
          serial_bayou_lake_a, serial_bayou_lagoon_a, enter_ossuary_5
D:5:      nicolae_ru_awakened_eye, biasface_ghost_orc_armoury, first_ration
D:6:      kennysheep_housing_project, yredelemnul_altar_generic, uniq_pikel
D:7:      kennysheep_mini_moat, grunt_qazlal_sundering, serial_shops,
          nicolae_shop_crystal
D:8:      gammafunk_beogh_shrine, serial_shops, shop_statue
Temple:   zaba_magenta_temple
Ossuary:  ossuary_due_mausoleum

Skill      XL: |  1  2  3  4  5  6  7  8  9 |
---------------+----------------------------+-----
Maces & Flails | 2 3 4 7 9 11 | 11.8
Shields        | 4 5 |  5.3
Invocations    | 1 |  1.1
Fighting       | |  2.7
Dodging        | |  2.4

Action                   |  1- 3 |  4- 6 |  7- 9 || total
-------------------------+-------+-------+-------++-------
Melee: Flail             |   140 |   299 |   375 ||   814
Invok: Divine Shield     |       |       |     1 ||     1
  Use: Scroll            |       |     7 |     8 ||    15
       Potion            |       |     1 |     2 ||     3
  Eat: Chunk             |    17 |    14 |    41 ||    72
Armor: Robe              |    69 |   142 |    70 ||   281
       Skin              |       |       |    12 ||    12
Dodge: Dodged            |    51 |   111 |    87 ||   249
Block: Shield            |    78 |   169 |   159 ||   406

Table legend:
 A = Spawn XP
 B = Non-spawn XP
 C = Spawn XP percentage of total XP
 D = Spawn monster count
 E = Non-spawn monster count
 F = Spawn count percentage of total count
 G = Total turns spent on level
                    A         B        C        D         E        F      G
               +---------+---------+-------+---------+---------+-------+---------
         Total |       0 |    5497 |   0.0 |       0 |     226 |   0.0 |  6931
               +---------+---------+-------+---------+---------+-------+---------
           D:1 |       0 |      62 |   0.0 |       0 |      34 |   0.0 |   732
           D:2 |       0 |      74 |   0.0 |       0 |      16 |   0.0 |   950
           D:3 |       0 |      87 |   0.0 |       0 |      30 |   0.0 |   563
           D:4 |       0 |     431 |   0.0 |       0 |      18 |   0.0 |   921
           D:5 |       0 |    1354 |   0.0 |       0 |      27 |   0.0 |  1268
           D:6 |       0 |    2174 |   0.0 |       0 |      51 |   0.0 |  1172
           D:7 |       0 |     423 |   0.0 |       0 |      12 |   0.0 |   597
           D:8 |       0 |     647 |   0.0 |       0 |      11 |   0.0 |   271
       Ossuary |       0 |     245 |   0.0 |       0 |      27 |   0.0 |   294
               +---------+---------+-------+---------+---------+-------+---------
